Cogmind - Beta 12 @@@ ROGUE MODE // 2023.12.23 @ 17:51:53 Player: Ischenous Result: Destroyed by Y-45 Defender with Heavy Assault Rifle Performance ------------- Evolutions (2) 1000 Regions Visited (4) 800 Robots Destroyed (15) 75 Value Destroyed (446) 446 Prototype IDs (0) 0 Alien Tech Used (0) 0 Bonus (-75) -75 TOTAL SCORE: 2246 Bonus ------- Follower Combat Kills 12 Friendly Fire -87 Cogmind --------- Core Integrity 0/550 Matter 30/300 Energy 100/100 System Corruption 0% Temperature Cool (0) Movement Core (50) Location -8/Materials Parts ------- > --- POWER (2) -------- (None) > --- PROPULSION (3) --- (None) > --- UTILITY (4) ------ Advanced Visual Processing Unit > --- WEAPON (2) ------- (None) > --- INVENTORY (5) ---- Ion Engine Light Ion Engine Visual Processing Unit Grenade Launcher Peak State ------------ > --- POWER ------------ Ion Engine > --- PROPULSION ------- Aluminum Leg Aluminum Leg > --- UTILITY ---------- Small Storage Unit Advanced Visual Processing Unit > --- WEAPON ----------- EM Shotgun Light Assault Rifle > --- INVENTORY -------- Ion Engine Light Ion Engine Visual Processing Unit Medium Laser Grenade Launcher Rocket Launcher [Rating: 10] Favorites ----------- Power Ion Engine Engine Ion Engine Propulsion Compact Wheel Leg Aluminum Leg Wheel Compact Wheel Utility Small Storage Unit Device Structural Scanner Storage Small Storage Unit Processor Advanced Visual Processing Unit Protection Medium Armor Plating Weapon Light Assault Rifle Energy Gun EM Shotgun Ballistic Gun Light Assault Rifle Launcher Rocket Launcher Build | -11 -10 -9 -9 -8 ------- Run | Jun Mat Mat Min Mat Slots Evolved 4 | . . 2 . 2 Power 1 | . . . . 1 Propulsion 1 | . . . . 1 Utility 2 | . . 2 . . Weapon . | . . . . . Parts Attached 16 | 6 1 5 1 3 Power 2 | 1 . 1 . . Engine 2 | 1 . 1 . . Core . | . . . . . Reactor . | . . . . . Propulsion 4 | 2 . 2 . . Treads . | . . . . . Leg 2 | . . 2 . . Wheel 2 | 2 . . . . Hover . | . . . . . Flight . | . . . . . Utility 4 | 1 . 2 . 1 Device 1 | . . 1 . . Storage 1 | 1 . . . . Processor 1 | . . . . 1 Hackware . | . . . . . Protection 1 | . . 1 . . Artifact . | . . . . . Weapon 6 | 2 1 . 1 2 Energy Gun 3 | 1 . . 1 1 Energy Cannon . | . . . . . Ballistic Gun 2 | 1 1 . . . Ballistic Cannon . | . . . . . Launcher 1 | . . . . 1 Special Weapon . | . . . . . Impact Weapon . | . . . . . Slashing Weapon . | . . . . . Piercing Weapon . | . . . . . Special Melee Weapon . | . . . . . Unidentified Prototypes . | . . . . . Parts Lost 13 | . 3 1 2 7 Power 1 | . 1 . . . Propulsion 3 | . 1 . . 2 Utility 3 | . . . 2 1 Weapon 6 | . 1 1 . 4 Highest Loss Streak 7 | . 3 1 2 7 To Critical Strikes . | . . . . . Average Slot Usage (%) 66 | . 77 70 68 49 Engine 9 | . 10 11 11 6 Leg 7 | . . 3 22 13 Wheel 10 | . 24 9 . . Device 2 | . . 8 3 . Storage 11 | . 14 11 11 7 Processor 1 | . . . . 7 Protection 2 | . . 9 1 . Energy Gun 5 | . 9 . 9 7 Ballistic Gun 14 | . 18 17 11 6 Naked Turns . | . . . . . Heaviest Build 21 | 11 11 21 19 14 Greatest Support 32 | 32 32 20 20 20 Greatest Overweight (x) 1 | . . 1 . 1 Average Overweight (x) . | . . . . . Largest Inventory Capacity 8 | 8 8 8 8 8 Average Capacity 7 | 6 8 8 8 7 Most Carried 8 | 3 4 8 7 7 Average Carried 4 | . 2 6 6 5 Final Capacity 8 | 8 8 8 8 5 Final Carried 7 | 1 4 7 6 4 Class Distribution -------------------- 100% | Mutant Dominant Class ---------------- Mutant | -10/Materials Mutant | -9/Materials Mutant | -9/Mines Mutant | -8/Materials Resources | -11 -10 -9 -9 -8 ----------- Run | Jun Mat Mat Min Mat Matter Collected 168 | 128 18 . . 22 Remotely . | . . . . . Salvage Created 454 | . 211 14 44 185 Parts 28 | . 18 1 . 9 Haulers Intercepted 1 | . . . . 1 Recyclers Shooed 1 | . 1 . . . Parts Field Recycled . | . . . . . Retrieved Matter . | . . . . . Parts Self-Destructed . | . . . . . Prevented . | . . . . . Kills | -11 -10 -9 -9 -8 ------- Run | Jun Mat Mat Min Mat Combat Hostiles Destroyed 15 | . 7 1 3 4 Guns 12 | . 7 1 3 1 AOE 3 | . . . . 3 Classes Destroyed 7 | . 3 . 1 3 Worker 2 | . 1 . . 1 Hauler 1 | . . . . 1 Swarmer 4 | . 3 1 . . Cutter 1 | . . . . 1 Grunt 6 | . 4 . . 2 Sentry 1 | . . . . 1 Assembled 3 | . . . 3 . Best Kill Streak 8 | . 8 1 2 6 Combat Bots Only 7 | . 7 1 2 4 Max Kills in Single Turn 5 | . 1 1 1 5 Gunslinging . | . . . . . Exploded 3 | . . . . 3 Melee . | . . . . . Uniques/NPCs Destroyed . | . . . . . Combat | -11 -10 -9 -9 -8 -------- Run | Jun Mat Mat Min Mat Damage Taken 1801 | . 381 192 240 988 Core 757 | . 90 33 79 555 Absorbed by Shields . | . . . . . Core Remaining (%) 78 | 100 64 . 72 . Volleys Fired 51 | . 19 10 10 12 Largest 2 | . 2 2 2 2 Hottest 65 | . 60 40 65 65 Shots Fired 82 | . 38 12 17 15 Gun 77 | . 38 12 17 10 Cannon . | . . . . . Launcher 5 | . . . . 5 Special . | . . . . . Kinetic 52 | . 27 12 10 3 Thermal 15 | . 11 . . 4 Explosive 5 | . . . . 5 Electromagnetic 10 | . . . 7 3 Robot Hit Streak 15 | . 7 1 15 5 Robot Miss Streak 5 | . 3 5 3 3 Penetration Max . | . . . . . Secondary Targets 4 | . 2 . 1 1 Max Gunslinging Chain 1 | . 1 . 1 1 Shots Hit Robots 56 | . 28 4 14 10 Core Hits 36 | . 12 1 11 12 Critical Kills . | . . . . . Critical Parts Destroyed 1 | . . . 1 . Critical Strikes 2 | . . . 1 1 Burn 1 | . . . . 1 Destroy 1 | . . . 1 . Melee Attacks . | . . . . . Impact . | . . . . . Slashing . | . . . . . Piercing . | . . . . . Sneak Attacks . | . . . . . Combat Hostiles . | . . . . . Follow-up Attacks . | . . . . . Damage Inflicted 1344 | . 353 32 151 808 Guns 625 | . 353 32 151 89 Cannons . | . . . . . Explosions 719 | . . . . 719 Melee . | . . . . . Ramming . | . . . . . Kinetic 349 | . 244 32 64 9 Thermal 798 | . 109 . . 689 Explosive 68 | . . . . 68 Electromagnetic 129 | . . . 87 42 Impact . | . . . . . Slashing . | . . . . . Piercing . | . . . . . Highest Corruption 1 | . . . 1 . Average Corruption 1 | . . . 1 . Corruption Purged . | . . . . . Corruption Blocked . | . . . . . Overload Shots . | . . . . . Overflow Damage 112 | . . . . 112 Projectiles . | . . . . . Explosions 112 | . . . . 112 Melee . | . . . . . Knockbacks . | . . . . . Impact . | . . . . . Kinetic . | . . . . . Secondary . | . . . . . Self-Inflicted Damage 195 | . . . . 195 Shots 3 | . . . . 3 Rammed 1 | . . . . 1 Targets Rammed 2 | . . 1 . 1 Kicked 1 | . . 1 . . Crushed . | . . . . . Highest Temperature 111 | . 90 . 111 47 Average Temperature 41 | . 43 . 57 13 Received Heat Transfer 494 | . 174 24 140 156 Siege Activations . | . . . . . Robots Corrupted . | . . . . . Combat Hostiles . | . . . . . Parts Fried . | . . . . . Impact Corruptions . | . . . . . Robots Melted . | . . . . . Combat Hostiles . | . . . . . Parts Melted . | . . . . . Heat Transferred 1185 | . 250 . . 935 Parts Sabotaged . | . . . . . Parts Stolen . | . . . . . Parts Stripped . | . . . . . Power Chain Reactions 2 | . . . . 2 Missiles Intercepted . | . . . . . Alert | -11 -10 -9 -9 -8 ------- Run | Jun Mat Mat Min Mat Peak Influence 346 | . 190 149 57 346 Initial 79 | . . 79 57 14 Average 76 | . 78 98 41 98 Maximum Alert Level 1 | . . . . 1 Low Security (%) 93 | 100 100 100 100 70 Level 1 6 | . . . . 29 Level 2 . | . . . . . Level 3 . | . . . . . Level 4 . | . . . . . Level 5 . | . . . . . High Security . | . . . . . Max Security . | . . . . . Squads Dispatched 8 | . 2 2 . 4 Investigation . | . . . . . Extermination . | . . . . . Reinforcement 6 | . 2 2 . 2 Assault 1 | . . . . 1 Garrison 1 | . . . . 1 Intercept . | . . . . . Searches Triggered . | . . . . . Construction Impeded . | . . . . . Haulers Reinforced . | . . . . . Active Scanning Responses . | . . . . . Cargo Convoy Interrupts . | . . . . . Stealth | -11 -10 -9 -9 -8 --------- Run | Jun Mat Mat Min Mat Distress Signals 3 | . 1 2 . . Communications Jammed . | . . . . . Distress Signals . | . . . . . Times Spotted 39 | . 12 10 8 9 Peak Tracking Total 14 | . 7 5 14 6 Tactical Retreats 3 | . . 2 1 . Traps | -11 -10 -9 -9 -8 ------- Run | Jun Mat Mat Min Mat Traps Triggered . | . . . . . Indirectly . | . . . . . Trap Hack Attempts . | . . . . . Triggered . | . . . . . Disarmed . | . . . . . Reprogrammed . | . . . . . Reused . | . . . . . Traps Extracted . | . . . . . Installed . | . . . . . Triggered . | . . . . . Machines | -11 -10 -9 -9 -8 ---------- Run | Jun Mat Mat Min Mat Machines Disabled 2 | . . . . 2 Max in Single Turn 2 | . . . . 2 Garrison Access 1 | . . . . 1 Machines Repaired . | . . . . . Machines Sabotaged . | . . . . . Overloaded Fab Kills . | . . . . . Hacking | -11 -10 -9 -9 -8 --------- Run | Jun Mat Mat Min Mat Machines Accessed 1 | . 1 . . . Terminals 1 | . 1 . . . Fabricators . | . . . . . Repair Stations . | . . . . . Recycling Units . | . . . . . Scanalyzers . | . . . . . Garrison Access . | . . . . . Total Hacks 2 | . 2 . . . Successful . | . . . . . Failed 2 | . 2 . . . Catastrophic . | . . . . . Database Lockouts . | . . . . . Manual . | . . . . . Terminals 2 | . 2 . . . Fabricators . | . . . . . Repair Stations . | . . . . . Recycling Units . | . . . . . Scanalyzers . | . . . . . Garrison Access . | . . . . . Terminal Hacks . | . . . . . Fabricator Hacks . | . . . . . Repair Station Hacks . | . . . . . Recycling Unit Hacks . | . . . . . Scanalyzer . | . . . . . Garrison Access Hacks . | . . . . . Unauthorized Hacks . | . . . . . Terminals . | . . . . . Fabricators . | . . . . . Repair Stations . | . . . . . Recycling Units . | . . . . . Scanalyzers . | . . . . . Garrison Access . | . . . . . Data Cores Recovered . | . . . . . Used . | . . . . . Hacking Detections 1 | . 1 . . . Full Trace Events . | . . . . . Feedback Events . | . . . . . Feedback Blocked . | . . . . . Robot Schematics Acquired . | . . . . . Robots Built . | . . . . . Authchips . | . . . . . Time . | . . . . . Total Robot Build Rating . | . . . . . Part Schematics Acquired . | . . . . . Parts Built . | . . . . . Authchips . | . . . . . Time . | . . . . . Total Part Build Rating . | . . . . . Parts Repaired . | . . . . . Time . | . . . . . Parts Recycled . | . . . . . Recycled Matter . | . . . . . Retrieved Matter . | . . . . . Retrieved Components . | . . . . . Parts Scanalyzed . | . . . . . Part Schematics Acquired . | . . . . . Parts Damaged . | . . . . . Bothacking | -11 -10 -9 -9 -8 ------------ Run | Jun Mat Mat Min Mat Used RIF Installer . | . . . . . Robots Hacked . | . . . . . Non-combat . | . . . . . Combat . | . . . . . Robot Hacks Applied . | . . . . . Relay Couplers Released 1 | . . . . 1 Machine Destruction 1 | . . . . 1 Fabnet Peak Effective % . | . . . . . Robots Rewired . | . . . . . Allies Hacked . | . . . . . Hacks Repelled . | . . . . . Allies | -11 -10 -9 -9 -8 -------- Run | Jun Mat Mat Min Mat Total Allies 3 | . . . 3 . Largest Group 3 | . . . 3 3 Highest-Rated Group 40 | . . . 40 40 Highest-Rated Ally 16 | . . . 16 16 Total Orders . | . . . . . Ally Attacks 25 | . . . 13 12 Total Damage 217 | . . . 81 136 Kills 3 | . . . 2 1 Allies Corrupted . | . . . . . Allies Melted . | . . . . . Intel | -11 -10 -9 -9 -8 ------- Run | Jun Mat Mat Min Mat Robot Analysis Total . | . . . . . Derelict Logs Recovered . | . . . . . Drone Launches . | . . . . . Drone Recoveries . | . . . . . Exploration | -11 -10 -9 -9 -8 ------------- Run | Jun Mat Mat Min Mat Turns Passed 778 | 59 215 205 119 180 Spaces Moved 570 | 55 155 151 78 131 Core 46 | 16 . . . 30 Treads . | . . . . . Legs 198 | . . 19 78 101 Wheels 326 | 39 155 132 . . Hover . | . . . . . Flight . | . . . . . Fastest Speed 50 | 50 100 100 120 50 Average Speed 107 | 85 100 113 120 111 Slowest Speed 120 | 100 100 120 120 120 Overloaded Moves . | . . . . . Propulsion Burnouts . | . . . . . Robots Hopped . | . . . . . Cave-ins Triggered . | . . . . . Exploration Rate (%) 20 | 5 40 22 17 18 Regions Visited 4 Branch Regions 1 Pre-discovered Areas . | . . . . . Known Exits Taken . | . . . . . Unknown Exits Taken 4 | 1 1 1 1 . Scrap Searched . | . . . . . Spaces Dug . | . . . . . Terrain Destroyed 73 | . . . . 73 Melee . | . . . . . Projectile . | . . . . . AOE 73 | . . . . 73 Terrain Rammed . | . . . . . Walls Destroyed . | . . . . . Machines Disabled . | . . . . . Actions | -11 -10 -9 -9 -8 --------- Run | Jun Mat Mat Min Mat Total 658 | 67 178 175 88 150 Wait 2 | . . . . 2 Move 566 | 54 154 150 77 131 Hop . | . . . . . Pick Up 20 | 7 4 8 . 1 Fast Attach . | . . . . . Attach 16 | 6 1 5 1 3 Detach . | . . . . . Swap . | . . . . . Drop 1 | . . 1 . . Fire 51 | . 19 10 10 12 Melee . | . . . . . Ram 1 | . . . . 1 Kick 1 | . . 1 . . Crush . | . . . . . Escape Stasis . | . . . . . Rewire . | . . . . . Trap . | . . . . . Miscellaneous . | . . . . . Route ------- -11/Junkyard -10/Materials -9/Materials -9/Mines -8/Materials History --------- Turn | Location | Event 9 | -11/Junkyard | Discovered new exit (range 15) 60 | -11/Junkyard | Entered Materials 255 | -10/Materials | Destroyed 7 combat bots 256 | -10/Materials | Lost 3 parts (1p1n1w) 257 | -10/Materials | Discovered new exit (range 12) 275 | -10/Materials | Entered another Materials area 275 | -9/Materials | Evolved 2 slots: Utility x2 321 | -9/Materials | Build established: Mutant 437 | -9/Materials | Discovered new exit (range 11) 480 | -9/Materials | Entered Mines 481 | -9/Mines | Assembled infested the area 531 | -9/Mines | Assisted by bots powering up and referring to "LRC-V3" 566 | -9/Mines | Discovered new exit (range 14) 599 | -9/Mines | Entered Materials 599 | -8/Materials | Accompanied by 3 allies 599 | -8/Materials | Evolved 2 slots: Power x1, Propulsion x1 724 | -8/Materials | Garrison activated, responded to threat 742 | -8/Materials | Core integrity fell below 50% 756 | -8/Materials | Core integrity fell below 20% 779 | -8/Materials | Destroyed by Y-45 Defender with Heavy Assault Rifle Last Messages --------------- 00744_ Sml. Storage Unit destroyed. 00746_ Penetrated by Slug. 00748_ The unstable cave ceiling collapses. 00748_ Lgt. Nuclear Core crushed. 00748_ The unstable cave ceiling collapses. 00748_ Slug penetrates Wall. 00748_ U-05 Engineer builds a Wall. 00750_ The unstable cave ceiling collapses. 00751_ Slug penetrates Wall. 00752_ U-05 Engineer builds a Wall. 00754_ The unstable cave ceiling collapses. 00771_ Slammed into Y-45 Defender. 00771_ Slug penetrates Wall. 00771_ Fusion Modulator explodes. 00771_ Y-45 Defender destroyed. 00772_ Acquired 21 matter. 00772_ Rocket Launcher destroyed. 00774_ K-01 Serf collects debris. 00774_ U-05 Engineer builds a Wall. 00779_ The unstable cave ceiling collapses. Map ----- +----------------------------------------------------+ | ?????????????????????????????????????????????????? | | ?????????????????????????????????????????????????? | | ?????????????????????????????????????????????????? | | ?????????????????????????????????????????????????? | | ?????????????????????????????????????????????????? | | ?????????????????????????????????????????????????? | | ?????????????????????????????????????????????????? | | ?????????????????????????????????????????????????? | | ??????????????????? ????#######??????????????????? | | ???????????????????? #### #?????????#????????? | | ????????????????????? #????####/######+### | | ?????????????????????? ?????# | | ??????????????????????? ?????# | | ????????????????????????# ###### | | ?????????????????????????# ## ;# ##### #### | | ?????????????????????????# #"""";;# #???# #??? | | ?????????????????????????# # # #???# #??? | | ?????????????????????????# # # ##??# #??? | | ?????????????????????????# # # ;#??# #??? | | ?????????????????????????# # %; ;##?# #??? | | ???????????????????????### uk#[[ % = #?# #??? | | ?????????????????#######"# ;%[== ### ###??? | | ?????????????????+ u#[[ % # # #???? | | ??????????????????######## ;[ = # #??? | | ??????????????????????###; Y + % # #???? | | ???????????????########;;@ ; # # # #??? | | ???????????????# = # % #### # #???? | | ???????????????# # #### # ## ##???? | | ???????????????# " ## #????? | | ???????????????# + H #### #????? | | ???????????????# """ """ # ##?## ##???? | | ???????????????# """ """ """;; ; #??# #???? | | ???????????????# """ """ " ;; ##??# #???? | | ???????????????# " !;; #???# #???? | | ???????????????#########"" ;; #???# ##### | | ???????????????????????# " ;; #???# ## | | ???????????????????????##" ;; #???# ## | | ???????????????????????# " ;; #??## ## | | ???????????????????????##""""""";# #### # | | ????????????????????????# ; # | | ????????????????????????#### ##### + | | ???????????????????????????###???# # | | ?????????????????????????????????######## # | | ????????????????????????????????????????## ##### | | ?????????????????????????????????????????# #! == | | ??????????????????????????????????######## # == | | ??????????????????????????????????# ! T + + == | | ??????????????????????????????????# # # | | ??????????????????????????????????# # ##### | | ??????????????????????????????????# !!!?# ##### | +----------------------------------------------------+ Best States ------------- Heat Dissipation 31 Energy Generation 10 Energy Capacity 250 Matter Stores 168 Matter Capacity 300 Sight Range 20 Terrain Scan Density 10 Armor Coverage 225 Evasion (%) 55 Item Schematics ----------------- None Robot Schematics ------------------ None Fabricated ------------ Nothing Alien Tech Used ----------------- None Achievements -------------- None Challenges ------------ None Game ------ Seed GammaZioniteGuard Manual? 0 Play Time 00:11:16 Cumulative 110.8 hours Start 2023.12.23 @ 17:32:42 End 2023.12.23 @ 17:51:53 Sessions 1 Manual Loads 0 Difficulty Rogue Special Mode None Game No. 102 Rogue 102 Adventurer 0 Explorer 0 Win Type - Total 0 Types 0/0/0/0/0/0/0/0/0 Lore% 35 Gallery% 39 Achievement% 30 Wizard Run 0 Options --------- ASCII 0 Keyboard 0 Movement Arrows Keybinds 0 Fullscreen 1 Font 18/SmallcapsGlow Map View 76x50 Tactical HUD 1 Map Filters NONE Filters NONE Steam 1 RUN: 30ab07f2-4f45-418e-9baa-3a59d328dbeb